 Dungeon Crawl Stone Soup version 0.29-a0-474-gdfe5cd140f (webtiles) character file.

Game seed: 7523323452555766365

6 Linklo the Cutter (level 1, -1/11 HPs)
             Began as a Spriggan Cinder Acolyte on May 23, 2022.
             Was a High Priest of Ignis.
             Slain by a hobgoblin (4 damage)
             ... on level 1 of the Dungeon.
             The game lasted 00:01:00 (61 turns).

Linklo the Cutter (Spriggan Cinder Acolyte)           Turns: 61, Time: 00:01:01

Health: -1/11      AC:  2    Str: 10    XL:     1   Next: 75%
Magic:  3/3        EV: 15    Int: 15    God:    Ignis [*****.]
Gold:   0          SH:  0    Dex: 10    Spells: 2/2 levels left

rFire   + . .      SeeInvis +   a - -1 short sword (flame)
rCold   . . .      Faith    .   (no shield)
rNeg    . . .      Spirit   .   b - +0 robe
rPois   .          Reflect  .   (helmet restricted)
rElec   .          Harm     .   (no cloak)
rCorr   .          Rampage  .   (gloves unavailable)
Will    .....                   (boots unavailable)
Stlth   +.........              (no amulet)
HPRegen 0.03/turn               (no ring)
MPRegen 0.08/turn               (no ring)

@: very quick
A: very small, no large weapons, unfitting armour, see invisible, speed 3
a: Renounce Religion, Fiery Armour, Foxfire Swarm, Rising Flame


You were on level 1 of the Dungeon.
You worshipped Ignis.
Ignis was extremely pleased with you.
You visited 1 branch of the dungeon, and saw 1 of its levels.

Inventory:

Hand Weapons
 a - a -1 short sword of flaming (weapon)
Armour
 b - a +0 robe (worn)
Scrolls
 d - a scroll of blinking


   Skills:
 + Level 2.4 Fighting
 + Level 3.4 Short Blades
 + Level 0.6 Dodging
 + Level 1.3 Spellcasting
 + Level 2.6 Fire Magic


You had 2 spell levels left.
You didn't know any spells.
Your spell library contained the following spells:

 Spells                   Type           Power      Damage    Failure   Level
 Scorch                   Fire           16%        2d5       12%         2


Dungeon Overview and Level Annotations

Branches:
Dungeon (1/15)

Altars:


Innate Abilities, Weirdness & Mutations

You are very small and have problems with some larger weapons.
You are too small for most types of armour.
You have supernaturally acute eyesight. (SInv)
You cover ground extremely quickly. (Speed+++)


Message History

You see here a bat corpse.
Found 6 gold pieces.
A giant cockroach comes into view.
You see here a scroll labelled ONAOGG HUESE.
You hit the giant cockroach. You burn the giant cockroach.
The giant cockroach is severely wounded.
The giant cockroach bites you but does no damage.
You hit the giant cockroach. You burn the giant cockroach.
You kill the giant cockroach!
c - a scroll labelled ONAOGG HUESE
d - a scroll labelled ADACETSAPTA HP restored.
A goblin comes into view. It is wielding a +0 club.
Found a short sword.
Found a stone staircase leading down.
You aren't carrying any potions.
As you read the scroll labelled ONAOGG HUESE, it crumbles to dust.
It is a scroll of identify.
d - a scroll of blinking A hobgoblin and a kobold come into view.
The hobgoblin shouts!
The kobold shouts!
You see here 6 gold pieces.
A kobold comes into view. It is wielding a +0 short sword.
The kobold completely misses you.
The kobold shouts!
You hit the kobold. You burn the kobold.
The kobold is heavily wounded.
The hobgoblin barely misses you.
The kobold hits you with a +0 short sword.
You hit the kobold. You burn the kobold.
You kill the kobold!
The hobgoblin closely misses you. The goblin misses you.
Found an escape hatch in the floor.
You see here a +0 short sword.
You hit the goblin but do no damage. The hobgoblin hits you.
The goblin hits you with a +0 club.
* * * LOW HITPOINT WARNING * * *
You hit the goblin. You burn the goblin.
You kill the goblin!
The hobgoblin hits you.
You die...

.............####.#
.............#....#.
.................#..
...................#
......)............#
......>............#
...................#
#K.@..$........#
>......)g..........#.#
.................†.#.#
#..##..............#.#
.. #..............#.#
. #..............#.#
#..............#.#
#######..........#
##.........###


You could see a hobgoblin and a kobold.

Vanquished Creatures
  A dart slug (D:1)
  A giant cockroach (D:1)
  A goblin (D:1)
  A kobold (D:1)
  A bat (D:1)
5 creatures vanquished.

Notes
Turn   | Place    | Note
-------+----------+-------------------------------------------
     0 | D:1      | Linklo the Spriggan Cinder Acolyte began the quest for the
                  | Orb.
     0 | D:1      | Reached XP level 1. HP: 11/11 MP: 3/3
    61 | D:1      | Slain by a hobgoblin

Illustrated notes

Levels and vault maps discovered:
D:1:      tarquinn_simple_flora_water_f, layout_rooms,
          nicolae_ecumenical_lake_church

Action                   || total
-------------------------++-------
Melee: Short sword       ||    13
  Use: Scroll            ||     1
Armor: Robe              ||     2
Dodge: Dodged            ||    11

Table legend: (Time is in decaauts)
 A = Elapsed time spent in this place.
 B = Non-inter-level travel time spent in this place.
 C = Inter-level travel time spent in this place.
 D = Time resting spent in this place.
 E = Time spent auto-exploring this place.
 F = Levels seen in this place.
 G = Mean time per level.
                   A        B        C        D        E       F      G
               +--------+--------+--------+--------+--------+-----+--------+
         Total |     42 |     32 |     10 |      0 |      0 |   1 |   42.0 |
       Dungeon |     42 |     32 |     10 |      0 |      0 |   1 |   42.0 |
               +--------+--------+--------+--------+--------+-----+--------+

Top non-repeatable levels by time:
     D:1: 42 daAuts
